 Dungeon Crawl Stone Soup version 0.25-a0-413-g3b4b6a4ccc (webtiles) character file.

Game seed: 4806511658296431271, levelgen mode: deterministic

40428 Gargoyl the Envoy of Void (level 13, -5/107 HPs)
             Began as a Centaur Abyssal Knight on Jan 17, 2020.
             Was a High Priest of Lugonu.
             Killed from afar by a fire dragon (19 damage)
             ... with a blast of flame
             ... on level 6 of the Lair of Beasts.
             The game lasted 00:31:26 (27366 turns).

Gargoyl the Envoy of Void (Centaur Abyssal Knight) Turns: 27366, Time: 00:31:26

Health: -5/107     AC: 18    Str: 17    XL:     13   Next: 74%
Magic:  20/21      EV:  5    Int: 11    God:    Lugonu [*****.]
Gold:   870        SH: 16    Dex: 12    Spells: 12/12 levels left

rFire    . . .     SeeInvis +   a - +3 hand axe (elec)
rCold    . . .     Gourm    .   A - +3 shield
rNeg     + . .     Faith    .   B - +2 plate armour {rPois}
rPois    +         Spirit   .   d - +1 helmet
rElec    .         Reflect  +   v - scarf {cloud immunity}
rCorr    .         Harm     .   f - +1 pair of gloves
MR       .....                  (no barding)
Stlth    ..........             L - +3 amulet of reflection
HPRegen  0.27/turn              Q - ring of positive energy
MPRegen  0.17/turn              J - ring of see invisible

@: very slightly contaminated, very quick
A: large, hooves 3, deformed body, speed 2, tough skin 3
a: Depart the Abyss, Bend Space, Banish, Corrupt, Enter the Abyss, Renounce
Religion


You were on level 6 of the Lair of Beasts.
You worshipped Lugonu.
Lugonu was extremely pleased with you.
You were very hungry.

You visited 2 branches of the dungeon, and saw 17 of its levels.
You visited the Abyss 1 time.
You also visited: Volcano.

You collected 1068 gold pieces.
You spent 198 gold pieces at shops.

Inventory:

Hand Weapons
 a - a +3 hand axe of electrocution (weapon)
 n - a +1 war axe of flaming
 S - the +6 short sword of the Weasel {venom, -Tele Int+8 Dex+3}
   (You found it on level 6 of the Lair of Beasts)

   It poisons the flesh of those it strikes.
   It affects your intelligence (+8).
   It affects your dexterity (+3).
   It prevents most forms of teleportation.
Missiles
 b - 13 silver javelins (quivered)
 g - 10 boomerangs
Armour
 d - a +1 helmet (worn)
 f - a +1 pair of gloves (worn)
 v - a scarf of cloud immunity (worn)
 A - a +3 shield (worn)
 B - a +2 plate armour of poison resistance (worn)
Jewellery
 J - a ring of see invisible (right hand)
 L - a +3 amulet of reflection (around neck)
 Q - a ring of positive energy (left hand)
 R - the ring "Fexzitaq" {rC++ MR- Int+4 Stlth-}
   (You found it on level 5 of the Lair of Beasts)

   [ring of attention]

   It affects your intelligence (+4).
   It greatly protects you from cold.
   It affects your resistance to hostile enchantments.
   It makes you less stealthy.
 U - a +2 ring of protection {unknown}
Wands
 l - a wand of digging (5)
 r - a wand of iceblast (30)
 u - a wand of acid (18)
 w - a wand of scattershot (5)
 y - a wand of flame (24)
 z - a wand of random effects (6)
 C - a wand of enslavement (14)
 D - a wand of disintegration (57)
 G - a wand of polymorph (10)
 T - a wand of paralysis (14)
Scrolls
 i - 6 scrolls of teleportation
 j - 3 scrolls of magic mapping
 m - 9 scrolls of remove curse
 s - 2 scrolls of identify
 t - a scroll of fog
 x - 6 scrolls of fear
 P - 3 scrolls of brand weapon
Potions
 h - 3 potions of haste
 k - 2 potions of resistance
 o - a potion of berserk rage
 p - a potion of might {unknown}
 q - a potion of cancellation
 E - 4 potions of lignification
 F - 2 potions of ambrosia
 H - 2 potions of agility
 I - a potion of flight
 K - a potion of magic
 N - 2 potions of brilliance
 O - 2 potions of invisibility {unknown}
Comestibles
 c - 20 rations


   Skills:
 + Level 8.2 Fighting
 + Level 1.6 Short Blades
 + Level 9.8 Axes
   Level 5.4 Staves
 + Level 1.3 Throwing
 + Level 7.6 Armour
 * Level 7.8 Dodging
 + Level 6.6 Shields
 * Level 11.4 Invocations
 + Level 1.0 Evocations


You had 12 spell levels left.
You didn't know any spells.
Your spell library contained the following spells:

 Spells                   Type           Power        Failure   Level  Hunger
 Apportation              Tloc           #.....       100%        1    ##.....
 Shock                    Conj/Air       #...         100%        1    ##.....
 Summon Butterflies       Summ           #.......     100%        1    ##.....
 Swiftness                Chrm/Air       #.......     100%        2    ###....
 Call Canine Familiar     Summ           #.......     100%        3    ####...
 Lesser Beckoning         Tloc           #.........   100%        3    ####...
 Static Discharge         Conj/Air       #.......     100%        3    ####...
 Tukima's Dance           Hex            #.......     100%        3    ####...
 Airstrike                Air            #.........   100%        4    #####..
 Summon Ice Beast         Ice/Summ       #.......     100%        4    #####..
 Alistair's Intoxication  Tmut/Pois      #.......     100%        5    ######.
 Lightning Bolt           Conj/Air       #.........   100%        5    ######.
 Summon Mana Viper        Hex/Summ       #.......     100%        5    ######.
 Invisibility             Hex            #.......     100%        6    #######
 Summon Hydra             Summ           #.........   100%        7    #######


Dungeon Overview and Level Annotations

Branches:
Dungeon (11/15)            Temple (0/1) D:6            Lair (6/6) D:11
 Shoals (0/4) Lair:4       Spider (0/4) Lair:4        Slime (0/5) Lair:5
Volcano (visited)
    Orc: D:9-12

Altars:
Nemelex Xobeh
Okawaru
Ru
Sif Muna
Trog
Yredelemnul
Zin
Jiyva

Shops:
D:6 [

Annotations:
Lair:5 3 runed translucent doors, Nixze's ghost, journeyman DrIE
Lair:6 1 runed translucent door


Innate Abilities, Weirdness & Mutations

You have hooves in place of feet.
Armour fits poorly on your strangely shaped body.
You cover ground very quickly.
You have extremely tough skin. (AC +3)


Message History

The plant is severely damaged.
Unknown command.
Blink to where?
Press: ? - help, Dir - move target cursor You are very lightly contaminated with residual magic.
As you read the scroll of blinking, it crumbles to dust.
You feel sick.
You feel better.
You enter the shallow water.
Moving in this stuff is going to be slow.
A swamp drake comes into view.
A komodo dragon comes into view.
Space bends sharply around you!
You blink.
Splash!
You fall into the shallow water.
Moving in this stuff is going to be slow.
You hear an angry hiss.
The fire dragon breathes flames at you. The blast of flame hits you!!
You die...

###.<.#..#
###.....##.#...P###
..P....#.#####.....###.....##
......####.##PP.....###..^#.#
......####...........########
....#..##.#.#P..♣P.### ♣♣♣♣
.#########..#♣♣≈≈(♣♣♣♣ ♣P≈≈.
## ##...# ♣♣.≈♣♣.♣♣♣♣.≈k≈≈
#.#..# ♣♣≈≈♣♣...♣≈♣≈≈≈l
########....# ♣[@♣♣♣..♣♣..≈♣
##P#....P...# ♣≈≈÷♣P.♣...♣♣♣
.....#.....## ♣♣≈§♣≈§♣..≈≈.♣
.........#P# ♣.♣≈§♣♣♣..≈.♣♣
......#..### ♣♣..§♣♣P.≈.♣♣
.....#.### ♣P.♣≈D♣♣≈≈P♣
#.###### ♣♣.♣♣≈≈≈..♣♣ ###
♣P.PD≈..♣♣ ♣...PD≈♣♣♣%!..≈≈≈.


There were no monsters in sight!

Vanquished Creatures
  Harold (Lair:1)
  5 hydras
  2 two-headed ogres (D:9)
  4 death yaks
  A lindwurm (Lair:6)
  Pikel (D:6)
  An ugly thing (D:11)
  2 cyclopes
  3 black mambas (Lair:6)
  5 torpor snails (Lair:6)
  10 spiny frogs
  5 komodo dragons
  A rime drake (Lair:6)
  An efreet (Volcano)
  2 trolls (D:10)
  3 jumping spiders (Lair:4)
  A polar bear (Lair:4)
  A merfolk (D:11)
  Prince Ribbit (D:9)
  7 hornets (Lair:6)
  2 tyrant leeches (Lair:6)
  11 blink frogs
  A slime creature (D:8)
  9 hippogriffs
  A shadow (D:11)
  3 wyverns
  A redback (Lair:4)
  27 yaks
  Grum (D:8)
  A steam dragon (Lair:6)
  A basilisk (Lair:2)
  A hungry ghost (D:10)
  4 acid dragons
  9 porcupines
  7 water moccasins
  3 phantoms
  5 orc warriors
  3 sky beasts
  3 black bears
  A necrophage (D:7)
  5 ogres
  2 ice beasts (D:7)
  6 wolves
  6 centaurs
  9 crocodiles
  Blork the orc (D:5)
  2 big kobolds (D:7)
  16 bullfrogs
  4 scorpions
  10 killer bees
  An electric eel (D:7)
  6 howler monkeys
  2 crimson imps
  4 bullfrog zombies
  A centaur zombie (D:9)
  A centaur skeleton (D:9)
  6 orc priests
  6 jellies
  5 hounds
  5 iguanas
  14 orc wizards
  Crazy Yiuf (D:2)
  Ijyb (D:4)
  3 bullfrog skeletons
  15 worker ants
  2 killer bee zombies
  A hound skeleton (D:5)
  A howler monkey zombie (D:9)
  A howler monkey skeleton (D:8)
  A worker ant zombie (D:11)
  7 adders
  7 gnolls (D:5)
  6 shadow imps
  An adder skeleton (D:5)
  An adder zombie (D:10)
  3 worms
  A dart slug (D:1)
  3 leopard geckos
  57 orcs
  2 ball pythons (D:1)
  5 bats
  6 giant cockroaches
  6 goblins
  13 hobgoblins
  4 jackals (D:2)
  2 quokkas
  3 frilled lizards
  A jackal zombie (D:6)
  13 kobolds
  A leopard gecko skeleton (D:8)
  A quokka skeleton (D:5)
  10 rats
  4 fungi
  5 plants
451 creatures vanquished.

Vanquished Creatures (collateral kills)
  A worm (D:3)
1 creature vanquished.

Vanquished Creatures (others)
  The ghost of masterofnone the Martial Artist, a novice TeMo of Wu Jian (D:7)
  A slime creature (D:7)
  An efreet (Lair:3)
  A tyrant leech (Lair:6)
  A vampire (D:11)
  A slave (D:6)
  An orc priest (D:6)
  An orc wizard (D:6)
  A worker ant zombie (D:6)
  6 fungi (D:11)
  17 plants
32 creatures vanquished.

Grand Total: 484 creatures vanquished

Notes
Turn   | Place    | Note
-------+----------+-------------------------------------------
     0 | Abyss:1  | Gargoyl the Centaur Abyssal Knight began the quest for the
                  | Orb.
     0 | Abyss:1  | Reached XP level 1. HP: 19/19 MP: 2/2
     4 | Abyss:1  | Found a corrupted altar of Lugonu.
   122 | Abyss:1  | Noticed a red devil
   127 | Abyss:1  | Noticed a titan skeleton
   148 | Abyss:1  | Noticed a smoke demon
   149 | Abyss:1  | Noticed an ancient zyme
   153 | Abyss:1  | Noticed a large abomination
   166 | Abyss:2  | Found a stormy altar of Qazlal.
   214 | Abyss:2  | Noticed a starcursed mass
   219 | D:1      | Escaped the Abyss
   663 | D:1      | Reached skill level 1 in Dodging
   663 | D:1      | Reached XP level 2. HP: 23/26 MP: 3/3
   745 | D:1      | Reached * piety under Lugonu
   992 | D:1      | Reached XP level 3. HP: 31/31 MP: 4/4
  1336 | D:2      | Found an iron altar of Okawaru.
  1717 | D:2      | Reached XP level 4. HP: 29/40 MP: 3/5
  1718 | D:2      | Reached ** piety under Lugonu
  2050 | D:2      | Found a runed translucent door.
  2051 | D:2      | Noticed Crazy Yiuf
  2199 | D:2      | Killed Crazy Yiuf
  2471 | D:3      | Found a bloodstained altar of Trog.
  2486 | D:3      | Reached XP level 5. HP: 46/46 MP: 7/7
  2706 | D:3      | Reached skill level 3 in Invocations
  2852 | D:3      | Found a sacrificial altar of Ru.
  3363 | D:3      | Reached skill level 1 in Staves
  3626 | D:4      | Reached XP level 6. HP: 52/52 MP: 8/8
  3665 | D:4      | Got a slimy scale mail
  3698 | D:4      | Identified the +6 scale mail of the Depths {rF+ rN+ Regen+
                  | Slay-2} (You found it on level 4 of the Dungeon)
  3903 | D:4      | Reached XP level 7. HP: 57/60 MP: 9/9
  3972 | D:4      | Reached *** piety under Lugonu
  4106 | D:5      | Entered Level 5 of the Dungeon
  4107 | D:5      | Noticed Ijyb
  4151 | D:4      | Killed Ijyb
  4151 | D:4      | Reached skill level 4 in Invocations
  4602 | D:5      | Reached XP level 8. HP: 35/67 MP: 6/11
  4705 | D:5      | You fall into a shaft and drop 1 floor!
  4831 | D:6      | Found a staircase to the Ecumenical Temple.
  5188 | D:6      | Reached skill level 5 in Invocations
  5736 | D:5      | Noticed Blork the orc
  5767 | D:5      | Killed Blork the orc
  6075 | D:5      | Found a shimmering blue altar of Sif Muna.
  6175 | D:6      | Noticed Pikel
  6200 | D:6      | Killed Pikel
  6200 | D:6      | Reached skill level 5 in Fighting
  6200 | D:6      | Reached skill level 5 in Staves
  6708 | D:6      | Found Gisaru Muhy's Armour Boutique.
  6717 | D:6      | Bought a +2 shield for 198 gold pieces
  6759 | D:6      | Reached XP level 9. HP: 73/74 MP: 11/13
  7114 | D:6      | Reached **** piety under Lugonu
  7207 | D:7      | Reached skill level 6 in Invocations
  7496 | D:7      | Reached skill level 1 in Shields
  8103 | D:7      | Reached skill level 5 in Axes
  9158 | D:8      | Found a sparkling altar of Nemelex Xobeh.
  9470 | D:8      | Found a runed translucent gate.
  9558 | D:8      | Found a runed translucent gate.
  9559 | D:8      | Found a runed translucent gate.
  9559 | D:8      | Noticed masterofnone's ghost (novice TeMo)
  9563 | D:8      | Found a viscous altar of Jiyva.
  9593 | D:8      | Reached skill level 7 in Invocations
  9624 | D:8      | Reached XP level 10. HP: 44/82 MP: 5/15
  9824 | D:8      | Reached ***** piety under Lugonu
 10736 | D:8      | Noticed Grum
 10754 | D:8      | Killed Grum
 11340 | D:7      | Banished masterofnone's ghost
 11340 | D:7      | Reached skill level 5 in Armour
 11803 | D:9      | Reached skill level 5 in Dodging
 12359 | D:9      | Found a basalt altar of Yredelemnul.
 12590 | D:9      | Reached skill level 8 in Invocations
 12673 | D:9      | Noticed Prince Ribbit
 12701 | D:9      | Killed Prince Ribbit
 13042 | D:9      | Noticed a two-headed ogre
 13053 | D:9      | Killed a two-headed ogre
 13253 | D:9      | Noticed a two-headed ogre
 13271 | D:9      | Killed a two-headed ogre
 13271 | D:9      | Reached XP level 11. HP: 26/89 MP: 17/17
 13613 | D:10     | Entered Level 10 of the Dungeon
 13727 | D:10     | Found a glowing silver altar of Zin.
 13910 | D:10     | Reached skill level 1 in Throwing
 15419 | D:11     | Reached skill level 9 in Invocations
 15646 | D:11     | Found a staircase to the Lair.
 15790 | D:11     | Noticed a cyan ugly thing
 15818 | D:11     | Killed a cyan ugly thing
 16645 | Lair:1   | Entered Level 1 of the Lair of Beasts
 16782 | Lair:1   | Reached XP level 12. HP: 85/99 MP: 19/19
 16782 | Lair:1   | Noticed Harold
 16802 | Lair:1   | Killed Harold
 16852 | Lair:1   | Reached ****** piety under Lugonu
 18095 | Lair:2   | Noticed a six-headed hydra
 18107 | Lair:2   | Killed a one-headed hydra
 19012 | Lair:3   | Found a dark tunnel.
 19023 | Volcano  | Entered a volcano
 19453 | Lair:3   | Reached skill level 5 in Shields
 19555 | Lair:3   | Reached skill level 10 in Invocations
 19699 | Lair:3   | Noticed a death yak
 19702 | Lair:3   | Noticed a death yak
 19704 | Lair:3   | Noticed a death yak
 19706 | Lair:3   | Noticed a death yak
 19989 | Lair:4   | Killed a death yak
 20123 | Lair:3   | Killed a death yak
 20127 | Lair:3   | Killed a death yak
 20138 | Lair:3   | Killed a death yak
 21172 | Lair:4   | Found a hole to the Spider Nest.
 21212 | Lair:4   | Reached XP level 13. HP: 23/106 MP: 17/20
 22052 | Lair:4   | Found a staircase to the Shoals.
 22138 | Lair:4   | Reached skill level 1 in Evocations
 22714 | Lair:5   | Found a runed translucent gate.
 22714 | Lair:5   | Found a runed translucent gate.
 22714 | Lair:5   | Found a runed translucent gate.
 22715 | Lair:5   | Noticed a death ooze
 22716 | Lair:5   | Found a viscous altar of Jiyva.
 22716 | Lair:5   | Noticed Nixze's ghost (journeyman DrIE)
 22717 | Lair:5   | Noticed a death ooze
 22731 | Lair:5   | Got a wavering silver ring
 22739 | Lair:5   | Identified the ring "Fexzitaq" {rC++ MR- Int+4 Stlth-} (You
                  | found it on level 5 of the Lair of Beasts)
 22829 | Lair:5   | Found a staircase to the Slime Pits.
 23759 | Lair:6   | Entered Level 6 of the Lair of Beasts
 24128 | Lair:6   | Got a polished short sword
 24129 | Lair:6   | Identified the +6 short sword of the Weasel {venom, -Tele
                  | Int+8 Dex+3} (You found it on level 6 of the Lair of
                  | Beasts)
 24325 | Lair:6   | Reached skill level 11 in Invocations
 25043 | Lair:6   | Reached skill level 1 in Short Blades
 25778 | Lair:6   | Found a runed translucent door.
 25789 | Lair:6   | Noticed a fire dragon
 26370 | Lair:6   | HP: 5/106 [tyrant leech (8)]
 26370 | Lair:6   | HP: 2/106 [torpor snail (3)]
 26380 | Lair:6   | HP: 5/107 [tyrant leech (16)]
 27341 | Lair:6   | Noticed a fire dragon
 27366 | Lair:6   | Killed from afar by a fire dragon

Levels and vault maps discovered:
D:1:      sevenhm_arrival_forest_fort_small_4, layout_loops_cross
D:2:      layout_loops_ring, okawaru_trees_2, uniq_crazy_yiuf_cottage
D:3:      layout_loops_ring, overflow_temple_1_default,
          nicolae_overflow_crystal_walls
D:4:      layout_rooms
D:5:      layout_cave_pools, tgw_sif, first_ration, uniq_ijyb
D:6:      layout_layer_cave, temple_pool_b, serial_shops, shop, uniq_pikel
D:7:      layout_layer_cave, minivault_14, minmay_fractal_squares_diagonal_5
D:8:      layout_cave_pools, gammafunk_ghost_ooze,
          nemelex_xobeh_ov_fountains_minmay, uniq_grum
D:9:      layout_irregular_city, lemuel_crystal_altar, serial_column_ruins,
          column_ruins_open_tiny, column_ruins_open_small, column_ruins_grid_1,
          column_ruins_corridor_straight, column_ruins_corridor_dead_end,
          uniq_prince_ribbit1
D:10:     layout_basic, basic_altar
D:11:     layout_rooms, due_lair_maze_entry_diamond, hangedman_fish_farm
Lair:1:   layout_cave_shapes, uniq_harold
Lair:2:   layout_gridlike
Lair:3:   layout_regular_city, lightli_volcano_entry_magma_tube,
          lemuel_fruit_tree
Lair:4:   layout_regular_city, elwin_shoals_entry_rocks,
          nicolae_spider_entry_tight_spaces, grunt_megastairs_2
Lair:5:   layout_hall_layers, slime_dummy, gammafunk_ghost_ooze
Lair:6:   guppyfry_lair_end_dragon, layout_concentric_octagons, wormcave,
          serial_bayou_shore_b

Skill      XL: |  1  2  3  4  5  6  7  8  9 10 11 12 13 |
---------------+----------------------------------------+-----
Dodging        | 1 2 3 4 5 6 7 |  7.8
Axes           | 2 3 5 6 8 9 |  9.8
Invocations    | 3 4 5 7 8 9 10 11 | 11.4
Fighting       | 4 5 6 7 8 |  8.2
Armour         | 2 3 4 5 6 7 |  7.6
Staves         | 1 2 3 5 |  5.4
Shields        | 1 3 4 5 6 |  6.6
Throwing       | 1 |  1.3
Evocations     | 1 |  1.0
Short Blades   | 1 |  1.6

Action                   |  1- 3 |  4- 6 |  7- 9 | 10-12 | 13-15 || total
-------------------------+-------+-------+-------+-------+-------++-------
Melee: Hand axe          |    91 |    27 |       |   674 |   259 ||  1051
       Kick              |    16 |    38 |    69 |   221 |   137 ||   481
       Quarterstaff      |       |   109 |   159 |       |       ||   268
       War axe           |       |       |   197 |   142 |    28 ||   367
       Short sword       |       |       |       |       |   138 ||   138
Throw: Boomerang         |       |       |       |     9 |       ||     9
       Javelin           |       |       |       |     4 |     5 ||     9
Invok: Depart the Abyss  |     1 |       |       |       |       ||     1
       Bend Space        |       |       |     2 |       |     1 ||     3
       Banish            |       |       |       |     4 |     4 ||     8
Evoke: Wand              |       |       |     1 |     7 |     1 ||     9
  Use: Scroll            |     9 |     3 |     4 |    14 |     3 ||    33
       Potion            |       |       |     4 |       |     3 ||     7
 Stab: Paralysed         |       |       |     1 |       |       ||     1
       Confused          |       |       |       |     7 |       ||     7
  Eat: Chunk             |     2 |     6 |     3 |    26 |    10 ||    47
       Ration            |       |       |     4 |     2 |     3 ||     9
Armor: Leather armour    |    36 |    28 |       |       |       ||    64
       Chain mail        |       |    25 |       |       |       ||    25
       Scale mail        |       |     7 |   235 |    45 |       ||   287
       Plate armour      |       |       |       |   520 |   172 ||   692
Dodge: Dodged            |    46 |    54 |   132 |   142 |    61 ||   435
Block: Shield            |       |       |   120 |   557 |   343 ||  1020
       Reflection        |       |       |       |       |     1 ||     1

Table legend:
 A = Non-vault XP
 B = Vault XP
 C = Vault XP percentage of total XP
 D = Non-vault monster count
 E = Vault monster count
 F = Vault count percentage of total count
                 A         B        C        D         E       F
            +---------+---------+-------+---------+---------+-------
      Total |   42956 |   14799 |  25.6 |     381 |      68 |  15.1
            +---------+---------+-------+---------+---------+-------
        D:1 |      48 |       0 |   0.0 |      28 |       0 |   0.0
        D:2 |     118 |      39 |  24.8 |      22 |       1 |   4.3
        D:3 |     163 |       0 |   0.0 |      32 |       0 |   0.0
        D:4 |     456 |      36 |   7.3 |      13 |       1 |   7.1
        D:5 |     786 |      96 |  10.9 |      24 |       1 |   4.0
        D:6 |     608 |     607 |  50.0 |      15 |       1 |   6.2
        D:7 |    2176 |    1395 |  39.1 |      32 |      13 |  28.9
        D:8 |    1257 |     484 |  27.8 |      27 |       6 |  18.2
        D:9 |    3291 |     283 |   7.9 |      22 |       1 |   4.3
       D:10 |    3789 |     126 |   3.2 |      39 |       1 |   2.5
       D:11 |    3527 |    1381 |  28.1 |      38 |      10 |  20.8
     Lair:1 |    4660 |    1039 |  18.2 |      19 |       1 |   5.0
     Lair:2 |    1903 |       0 |   0.0 |       6 |       0 |   0.0
     Lair:3 |    6094 |     286 |   4.5 |      18 |       1 |   5.3
     Lair:4 |    4074 |    1518 |  27.1 |      12 |       5 |  29.4
     Lair:5 |    4491 |       0 |   0.0 |      15 |       0 |   0.0
     Lair:6 |    5515 |    7172 |  56.5 |      19 |      25 |  56.8
    Volcano |       0 |     337 | 100.0 |       0 |       1 | 100.0
            +---------+---------+-------+---------+---------+-------
